 Dungeon Crawl Stone Soup version 0.25.1-8-g42b30a86e7 (webtiles) character file.

Game seed: 3267671408620900680

16 Clowwww the Skirmisher (level 2, 24/24 HPs)
             Began as a Demonspawn Abyssal Knight on Dec 13, 2020.
             Was a Follower of Lugonu.
             Quit the game on level 1 of the Dungeon.
             The game lasted 00:01:29 (717 turns).

Clowwww the Skirmisher (Demonspawn Abyssal Knight)   Turns: 717, Time: 00:01:30

Health: 24/24      AC:  3    Str: 12    XL:     2   Next: 41%
Magic:  3/3        EV: 11    Int: 13    God:    Lugonu [*.....]
Gold:   19         SH:  0    Dex: 12    Spells: 1/1 levels left

rFire    . . .     SeeInvis .   a - +1 hand axe
rCold    . . .     Gourm    .   (no shield)
rNeg     . . .     Faith    .   b - +0 leather armour
rPois    .         Spirit   .   (no helmet)
rElec    .         Reflect  .   (no cloak)
rCorr    .         Harm     .   (no gloves)
MR       .....                  (no boots)
Stlth    +.........             (no amulet)
HPRegen  0.08/turn              (no ring)
MPRegen  0.08/turn              (no ring)

@: no status effects
A: hooves 1
a: Depart the Abyss, Renounce Religion


You were on level 1 of the Dungeon.
You worshipped Lugonu.
Lugonu was aware of your devotion.
You were not hungry.

You visited 1 branch of the dungeon, and saw 1 of its levels.
You visited the Abyss 1 time.

You collected 19 gold pieces.

Inventory:

Hand Weapons
 a - a +1 hand axe (weapon)
Missiles
 d - 3 boomerangs (quivered)
Armour
 b - a +0 leather armour (worn)
Scrolls
 e - 2 scrolls of identify {unknown}
 g - a scroll of remove curse {unknown}
 h - a scroll of enchant armour {unknown}
 i - a scroll of magic mapping {unknown}
Potions
 j - a potion of flight {unknown}
Comestibles
 c - 5 rations
 f - 2 chunks of flesh


   Skills:
 + Level 3.4 Fighting
 + Level 2.1 Axes
 + Level 1.9 Armour
 + Level 1.0 Dodging
 + Level 2.4 Invocations


You had one spell level left.
You didn't know any spells.
Your spell library was empty.

Dungeon Overview and Level Annotations

Branches:
Dungeon (1/15)

Altars:
Sif Muna
Xom
Zin


Innate Abilities, Weirdness & Mutations

You have large cloven feet.


Message History

f - 2 chunks of flesh (gained 1)
You see here a frilled lizard skeleton. x2
You see here a frilled lizard skeleton.
You open the door.
Found a blossoming altar of Fedhas.
Found a metallic silvery potion.
There is an open door here.
Found a shimmering blue altar of Sif Muna and a shimmering altar of Xom.
Found two glowing silver altars of Zin and a shadowy altar of Dithmenos.
The altar is a mimic!
The altar mimic giggles and vanishes in a puff of smoke!
j - a metallic silvery potion The altar is a mimic!
The altar mimic guffaws and vanishes in a puff of smoke!
The altar is a mimic!
The altar mimic guffaws and vanishes in a puff of smoke!
(D) Dungeon
Where to? (? - help)
Okay, then.
Are you sure you want to abandon this character and quit the game? (Confirm with "yes".)

.######## ##
###..
###########
....
#.8.8.8.8.#
#...
#8_......8#
#...###
#......@ยง.#
#....#
#.........#
....####
#8.......8#
###.....#
#._....._.#
#.......#
#8.......8#
#.....###
####...####
##..#....#
#...#
#..##....#
#...#
#.#####...
#8.8# #.#
#.....


There were no monsters in sight!

Vanquished Creatures
  A dart slug (D:1)
  A leopard gecko (D:1)
  3 bats (D:1)
  A giant cockroach (D:1)
  3 goblins (D:1)
  A frilled lizard (D:1)
  2 rats (D:1)
12 creatures vanquished.

Notes
Turn   | Place    | Note
-------+----------+-------------------------------------------
     0 | Abyss:1  | Clowwww the Demonspawn Abyssal Knight began the quest for
                  | the Orb.
     0 | Abyss:1  | Reached XP level 1. HP: 18/18 MP: 2/2
    56 | Abyss:1  | Noticed a raiju
    57 | D:1      | Escaped the Abyss
   366 | D:1      | Gained mutation: You have large cloven feet. [demonic
                  | ancestry]
   366 | D:1      | Reached XP level 2. HP: 22/24 MP: 3/3
   421 | D:1      | Reached * piety under Lugonu
   570 | D:1      | Reached skill level 1 in Dodging
   702 | D:1      | Found a blossoming altar of Fedhas.
   704 | D:1      | Found a shimmering blue altar of Sif Muna.
   704 | D:1      | Found a shimmering altar of Xom.
   706 | D:1      | Found a glowing silver altar of Zin.
   706 | D:1      | Found a shadowy altar of Dithmenos.
   706 | D:1      | Found a glowing silver altar of Zin.
   717 | D:1      | Quit the game

Illustrated notes

Levels and vault maps discovered:
D:1:      minmay_arrival_four_loops, layout_basic, minivault_23,
          hangedman_decor_push, doesnt_xom_only_xom

Skill      XL: |  1  2 |
---------------+-------+-----
Axes           | 2 |  2.1
Dodging        | 1 |  1.0
Fighting       | |  3.4
Armour         | |  1.9
Invocations    | |  2.4

Action                   || total
-------------------------++-------
Melee: Hand axe          ||    28
       Kick              ||     3
Invok: Depart the Abyss  ||     1
Armor: Leather armour    ||     5
Dodge: Dodged            ||    22
